 Dungeon Crawl Stone Soup version 0.19-a0-1218-gcd7aee6 (webtiles) character file.

3834 MrRokkomies the Basher (level 10, 0/63 HPs)
             Began as an Octopode Abyssal Knight on Aug 24, 2016.
             Was an Elder of Lugonu.
             Slain by a killer bee (1 damage)
             ... on level 7 of the Dungeon.
             The game lasted 00:23:50 (9480 turns).

MrRokkomies the Basher (Octopode Abyssal Knight)    Turns: 9480, Time: 00:23:51

Health: 0/63       AC:  1    Str: 16    XL:     10   Next: 18%
Magic:  16/16      EV: 16    Int: 16    God:    Lugonu [****..]
Gold:   501        SH:  0    Dex: 14    Spells: 1 memorised, 5 levels left

rFire  . . .     SeeInvis +     a - +0 dire flail (drain)
rCold  . . .     Gourm    +     (shield currently unavailable)
rNeg   . . .     Faith    .     (helmet restricted)
rPois  .         Spirit   .     u - amulet of the gourmand
rElec  .         Dismiss  .     c - ring of see invisible
rCorr  +         Reflect  .     t - ring of resist corrosion
MR     .....     Harm     .     (no ring)
Stlth  ++........               (no ring)
                                (no ring)
                                (no ring)
                                (no ring)
                                (no ring)

@: mighty, lethally poisoned (0 -> -7)
A: almost no armour, amphibious, 8 rings, constrict 8, camouflage 1, gelatinous
body 1
a: Depart the Abyss, Bend Space, Banish, Corrupt, Renounce Religion


You were on level 7 of the Dungeon.
You worshipped Lugonu.
Lugonu was greatly pleased with you.
You were very full.

You visited 1 branch of the dungeon, and saw 7 of its levels.
You visited the Abyss 1 time.

You collected 501 gold pieces.

Inventory:

Hand Weapons
 a - a +0 dire flail of draining (weapon)
 b - a +0 hunting sling of velocity
Missiles
 o - 156 stones (quivered)
 B - 31 sling bullets
Jewellery
 c - a ring of see invisible (left tentacle)
 l - an uncursed amulet of faith {unknown}
 t - a ring of resist corrosion (right tentacle)
 u - an amulet of the gourmand (around mantle)
Wands
 g - a wand of lightning (0/15)
 x - a wand of random effects (16/48)
 E - a wand of iceblast (5/15)
 F - a wand of random effects (27/48)
Scrolls
 i - a scroll of enchant weapon
 q - 3 scrolls of amnesia
 w - a scroll of fog
 y - 2 scrolls of remove curse
 C - a scroll of blinking
 D - a scroll of enchant armour
Potions
 e - a potion of might
 f - a potion of cure mutation {unknown}
 h - 2 potions of flight
 j - a potion of heal wounds {unknown}
 m - 3 potions of curing
 z - 2 potions of haste
 A - a potion of agility
 G - a potion of cancellation {unknown}
Books
 v - a book of Enchantments

   Spells                             Type                      Level
   a - Cause Fear                     Hexes                        4
   b - Yara's Violent Unravelling     Hexes/Transmutation          5
   c - Silence                        Hexes/Air                    5
   d - Deflect Missiles               Charms/Air                   6
   e - Haste                          Charms                       6
   f - Discord                        Hexes                        8
Comestibles
 d - 6 fruits
 k - a slice of pizza
 n - 5 bread rations
 p - 2 beef jerkies
 r - a royal jelly
 s - 2 meat rations


   Skills:
 - Level 4.0 Fighting
 * Level 10.2 Maces & Flails
 - Level 3.0 Slings
 - Level 6.1 Dodging
 * Level 8.3 Invocations


You had 5 spell levels left.
You knew the following spells:

 Your Spells              Type           Power        Failure   Level  Hunger
a - Cause Fear            Hex            #.........   99%         4    #####..


Dungeon Overview and Level Annotations

Branches:
Dungeon (7/15)             Temple (0/1) D:7

Altars:
Ashenzari
Fedhas
Hepliaklqana
Qazlal
Ru
Sif Muna
Trog
Xom
Yredelemnul
Zin

Annotations:
D:4 MackTheKnife's ghost, amateur DsIE


Innate Abilities, Weirdness & Mutations

You cannot wear most types of armour.
You are amphibious.
You can wear up to eight rings at the same time.
You can use your tentacles to constrict eight enemies at once.
Your skin changes colour to match your surroundings (Stealth+).
Your rubbery body absorbs attacks. (AC +1, EV +1)


Message History

Okay, then.
Unknown command.
You barely miss the killer bee. Your grab misses the killer bee.
The killer bee is severely wounded.
The killer bee stings you.
* * * LOW HITPOINT WARNING * * *
The killer bee closely misses you. The killer bee barely misses you.
You barely miss the killer bee. Your grab misses the killer bee.
The killer bee is severely wounded.
The killer bee misses you. The killer bee closely misses you.
You miss the killer bee. Your grab misses the killer bee.
The killer bee is severely wounded.
The killer bee completely misses you. The killer bee stings you!
* * * LOW HITPOINT WARNING * * *
The killer bee completely misses you. The killer bee stings you!
* * * LOW HITPOINT WARNING * * *
You are lethally poisoned!
The killer bee poisons you! The killer bee closely misses you.
The killer bee stings you.
You die...

##......................#
.>........#####.#.#.###.##
#....##.......#..........#
......###.###.#.#.#.##.#.#
###...#.....#.#.#.#.##.#.#
......+.....#######.##.#.#
....#.#.....#%%#..#.##.#.####
)...........#%.#y.#.##......#
...........##..y@.#.#########
............#).#y.#.......#
............#÷.#..#.#####.#
......#.....#÷####### #.#
....###..........# #.# ....#
##y........# #.#
..).############## #.#
.......# #.# ...)...#### #.#


You could see 3 killer bees.

Vanquished Creatures
  A wyvern (D:6)
  Sigmund (D:4)
  A human (D:7)
  Eustachio (D:5)
  Duvessa (D:4)
  An ice beast (D:5)
  2 orc warriors
  2 ogres
  2 sky beasts (D:6)
  A necrophage (D:5)
  2 slaves (D:7)
  2 centaurs
  A big kobold (D:7)
  Blork the orc (D:6)
  4 giant frogs
  Dowan (D:4)
  6 scorpions
  A killer bee (D:7)
  4 wights (D:7)
  A howler monkey (D:7)
  4 crimson imps
  A centaur zombie (D:7)
  3 orc priests
  8 orc wizards
  An iguana (D:5)
  Ijyb (D:2)
  8 worker ants
  3 sheep (D:7)
  A hound skeleton (D:6)
  A howler monkey skeleton (D:6)
  3 gnolls (D:7)
  10 adders
  2 shadow imps (D:6)
  2 oozes
  7 worms
  2 dart slugs
  2 giant geckos
  27 orcs
  4 bats
  4 giant cockroaches
  2 gnoll zombies (D:7)
  9 goblins
  7 hobgoblins
  10 jackals
  2 quokkas
  2 ball pythons
  2 giant newts
  14 kobolds
  2 quokka skeletons
  9 rats
189 creatures vanquished.

Vanquished Creatures (others)
  A yak (D:7)
  An orc warrior (D:7)
  An ogre (D:7)
  A wight (D:7)
  A giant gecko (D:6)
5 creatures vanquished.

Grand Total: 194 creatures vanquished

Notes
Turn   | Place    | Note
-------+----------+-------------------------------------------
     0 | Abyss:1  | MrRokkomies the Octopode Abyssal Knight began the quest for the Orb.
     0 | Abyss:1  | Reached XP level 1. HP: 16/16 MP: 2/2
     2 | Abyss:1  | Found a corrupted altar of Lugonu.
    73 | Abyss:2  | Noticed a ynoxinul
   107 | Abyss:2  | Noticed a sixfirhy
   112 | Abyss:2  | Noticed a tentacled starspawn
   117 | D:1      | Escaped the Abyss
   284 | D:1      | Reached XP level 2. HP: 21/21 MP: 3/3
   289 | D:1      | Reached * piety under Lugonu
   721 | D:1      | HP: 1/21 [kobold/short sword (3)]
  1160 | D:2      | Reached XP level 3. HP: 26/26 MP: 4/4
  1571 | D:2      | Reached skill level 3 in Maces & Flails
  1575 | D:2      | Found a sacrificial altar of Ru.
  1681 | D:2      | Reached XP level 4. HP: 27/33 MP: 5/5
  1938 | D:2      | Noticed Ijyb
  1948 | D:2      | Killed Ijyb
  1948 | D:2      | Reached ** piety under Lugonu
  1948 | D:2      | Reached skill level 1 in Slings
  2210 | D:3      | Reached XP level 5. HP: 15/37 MP: 6/6
  2508 | D:3      | Found a faded altar of an unknown god.
  2700 | D:3      | Reached skill level 4 in Maces & Flails
  2896 | D:3      | Reached XP level 6. HP: 43/43 MP: 7/7
  3437 | D:4      | Noticed MackTheKnife's ghost (amateur DsIE)
  3439 | D:4      | Reached skill level 5 in Maces & Flails
  3691 | D:4      | Noticed Sigmund
  3706 | D:4      | Killed Sigmund
  3706 | D:4      | Reached XP level 7. HP: 13/48 MP: 8/8
  4021 | D:4      | Noticed Eustachio
  4030 | D:4      | Reached skill level 6 in Maces & Flails
  4041 | D:5      | Entered Level 5 of the Dungeon
  4326 | D:6      | Found a stormy altar of Qazlal.
  4326 | D:6      | Found a bloodstained altar of Trog.
  4326 | D:6      | Found a deep blue altar of Sif Muna.
  4329 | D:6      | Reached skill level 5 in Dodging
  4329 | D:6      | Reached XP level 8. HP: 53/54 MP: 9/9
  4363 | D:6      | Reached *** piety under Lugonu
  4390 | D:6      | Noticed Blork the orc
  4403 | D:6      | Killed Blork the orc
  4411 | D:6      | Reached skill level 7 in Maces & Flails
  5699 | D:4      | Noticed Duvessa
  6034 | D:4      | Noticed Dowan
  6042 | D:4      | Killed Duvessa
  6042 | D:4      | Reached skill level 8 in Maces & Flails
  6042 | D:4      | Reached XP level 9. HP: 41/58 MP: 10/12
  6043 | D:4      | Killed Dowan
  6494 | D:5      | Killed Eustachio
  6494 | D:5      | Reached skill level 5 in Invocations
  6509 | D:5      | Found a shattered altar of Ashenzari.
  6989 | D:6      | Reached skill level 9 in Maces & Flails
  7146 | D:7      | Reached **** piety under Lugonu
  8367 | D:7      | Found a shimmering altar of Xom.
  8432 | D:7      | Found a staircase to the Ecumenical Temple.
  8536 | D:7      | Reached XP level 10. HP: 40/63 MP: 15/15
  8541 | D:7      | Reached skill level 10 in Maces & Flails
  8803 | D:7      | Found a basalt altar of Yredelemnul.
  8816 | D:7      | Found a glowing silver altar of Zin.
  8850 | D:7      | Found a blossoming altar of Fedhas.
  8854 | D:7      | Found a hazy altar of Hepliaklqana.
  9468 | D:7      | Learned a level 4 spell: Cause Fear
  9480 | D:7      | HP: 1/63 [killer bee (7)]
  9480 | D:7      | Slain by a killer bee

Vault maps used:
D:1:      zelgadis_glass_arrival_small
D:2:      kb_forest_paths, hangedman_ru_absence, minmay_misc_feat_nine_boxes,
          uniq_iyjb
D:3:      wad_pebble_path, ecumenical_altar_2
D:4:      serial_curves, eino_curves_04, eino_curves_03, uniq_duvessa,
          uniq_eustachio, uniq_sigmund
D:5:      ashenzari_conservatory_becter, first_bread
D:6:      gammafunk_temple_overflow_forgotten, uniq_blork_the_orc
D:7:      lemuel_zombie_altar_yredelemnul, grunt_temple_overflow_open,
          grunt_livestock, minivault_24, tgw_xom, uniq_pikel
Abyss:2:  evilmike_abyss_exit_7

Skill      XL: |  1  2  3  4  5  6  7  8  9 10 |
---------------+-------------------------------+-----
Maces & Flails | 3 4 5 6 8 9 10 | 10.2
Fighting       | 4 |  4.0
Slings         | 2 3 |  3.0
Dodging        | 3 5 6 |  6.1
Invocations    | 4 7 8 |  8.3

Action                   |  1- 3 |  4- 6 |  7- 9 | 10-12 || total
-------------------------+-------+-------+-------+-------++-------
Melee: Mace              |    61 |    45 |       |       ||   106
       Constrict         |    14 |    21 |    48 |    12 ||    95
       Tentacles         |     7 |    11 |    34 |     8 ||    60
       Whip              |       |    15 |       |       ||    15
       Flail             |       |    13 |   153 |       ||   166
       Dire flail        |       |       |    43 |    57 ||   100
 Fire: Hunting sling     |    11 |    41 |    87 |       ||   139
Invok: Depart the Abyss  |     1 |       |       |       ||     1
       Banish            |       |       |     3 |     1 ||     4
Evoke: Wand              |       |     4 |    13 |       ||    17
  Use: Scroll            |    10 |     3 |     9 |       ||    22
       Potion            |       |       |     3 |     2 ||     5
 Stab: Sleeping          |     6 |     2 |     2 |       ||    10
       Distracted        |       |       |     1 |     1 ||     2
  Eat: Chunk             |     2 |    11 |    16 |    11 ||    40
Armor: Skin              |     2 |     5 |     8 |     2 ||    17
Dodge: Dodged            |    31 |    50 |   172 |    44 ||   297
